 Dungeon Crawl Stone Soup version 0.30-b1-2-g02819fbbbe (webtiles) character file.

Game seed: 14007161090477793215

152 Hackman the Chiller (level 5, -1/35 HPs)
             Began as a Merfolk Ice Elementalist on June 30, 2023.
             Slain by diceflayer's ghost (4 damage)
             ... on level 3 of the Dungeon on July 2, 2023.
             The game lasted 00:36:08 (3334 turns).

Hackman the Chiller (Merfolk Ice Elementalist)      Turns: 3334, Time: 00:36:09

Health: -1/35      AC:  4    Str:  6 (8)  XL:     5   Next: 34%
Magic:  0/9        EV: 12    Int: 13 (15) God:
Gold:   106        SH:  0    Dex: 16 (18) Spells: 6/10 levels left

rFire   . . .        d - +0 whip
rCold   . . .        (no shield)
rNeg    . . .        c - +0 leather armour
rPois   .            (helmet restricted)
rElec   .            f - +0 cloak
rCorr   .            (no gloves)
SInv    .            (no boots)
Will    .....        (no amulet)
Stlth   +            (no ring)
HPRegen 0.25/turn    (no ring)
MPRegen 0.11/turn

%: no passive effects
@: silenced, attractive, flying
A: (nimble swimmer 2), mertail, horns 1, agile 1
a: no special abilities


You were on level 3 of the Dungeon.
You visited 1 branch of the dungeon, and saw 3 of its levels.

You collected 106 gold pieces.

Inventory:

Hand Weapons
 d - a +0 whip (weapon)
 h - a +0 sling
Missiles
 i - 2 boomerangs
 j - 24 stones
 o - 5 boomerangs of dispersal
 s - a throwing net
Armour
 a - a +0 robe
 c - a +0 leather armour (worn)
 f - a +0 cloak (worn)
Scrolls
 l - a scroll of fear {unknown}
 n - a scroll of immolation {unknown}
 q - a scroll of teleportation {unknown}
 r - a scroll of fog {unknown}
Potions
 b - a potion of magic
 m - a potion of brilliance


   Skills:
 + Level 0.8 Armour
 + Level 3.2 Dodging
 - Level 2.1 Stealth
 + Level 3.3 Spellcasting
 + Level 5.8 Ice Magic


You had 6 spell levels left.
You knew the following spells:

 Your Spells              Type           Power      Damage    Failure   Level
a - Freeze                Ice            68%        1d8       3%          1
b - Frozen Ramparts       Ice            34%        1d6       10%         3

Your spell library contained the following spells:

 Spells                   Type           Power      Damage    Failure   Level
 Ozocubu's Armour         Ice            17%        N/A       10%         3
 Scorch                   Fire           4%         2d5       47%         2
 Dazzling Flash           Conj/Hex       4%         N/A       71%         3
 Volatile Blastmotes      Fire/Tloc      4%         2d10      71%         3
 Summon Ice Beast         Ice/Summ       9%         N/A       71%         4
 Flame Wave               Conj/Fire      2%         2d4       98%         4
 Iskenderun's Mystic Bla  Conj/Tloc      2%         2d3       98%         4
 Starburst                Conj/Fire      1%         6d3       100%        6
 Summon Cactus Giant      Summ           1%         N/A       100%        6


Dungeon Overview and Level Annotations

Branches:
Dungeon (3/15)

Altars:

Annotations:
D:3 diceflayer's ghost, amateur DsGl


Innate Abilities, Weirdness & Mutations

((You are very nimble when in or above water. (Stealth+, EV+, Speed+++)))
Your lower body shifts to a powerful aquatic tail in water.
You have a pair of small horns on your head.
You are agile. (Dex +4, Str/Int -1)


Message History

Diceflayer's ghost is heavily damaged.
The frozen ramparts melt away.
You flicker for a moment.
Diceflayer's ghost hits you but does no damage.
Casting: Freeze (safe; 3% risk of failure)
Confirm with . or Enter, or press ? or * to list all spells.
Aiming: Freeze (safe; 3% risk of failure)
Press: ? - help, Shift-Dir - straight line, f/p - diceflayer's ghost
Aim: diceflayer's ghost (heavily damaged, unable to see you)
You freeze diceflayer's ghost.
Diceflayer's ghost is heavily damaged.
Diceflayer's ghost barely misses you.
Diceflayer's ghost says, "To die, to sleep, no more."
You flicker back into view.
Diceflayer's ghost attacks as you move away!
Diceflayer's ghost hits you!
* * * LOW HITPOINT WARNING * * *
Diceflayer's ghost attacks as you move away!
Diceflayer's ghost barely misses you.
Diceflayer's ghost attacks as you move away!
Diceflayer's ghost completely misses you.
Diceflayer's ghost attacks as you move away!
Diceflayer's ghost closely misses you.
Casting: Freeze (safe; 3% risk of failure)
Confirm with . or Enter, or press ? or * to list all spells.
Aiming: Freeze (safe; 3% risk of failure)
Press: ? - help, Shift-Dir - straight line, f/p - diceflayer's ghost
Aim: diceflayer's ghost (heavily damaged)
You freeze diceflayer's ghost!
Diceflayer's ghost is severely damaged.
Diceflayer's ghost hits you.
* * * LOW HITPOINT WARNING * * *
It was a potion of attraction.
You feel attractive to monsters. Diceflayer's ghost closely misses you.
Your magical contamination has completely faded away.
As you read the scroll labelled SYUSHI NYOJO, it crumbles to dust.
A profound silence engulfs you.
It was a scroll of silence.
Diceflayer's ghost hits you.
You die...

#.# #...##...##....#
#.# #..##.....##...#
#.# #..#⌠.!♣?.⌠#...#
#.# #..##.....##...#
#.# #...##...##.!...
#.### ##...##.##...#.#
#...###[...)#'#...##.#
###.#.W...........##..
#.#@#.........#.####
#.#.##........#.#
#.#.###.#..##.#.#
#.#.# #.#.###.#.#
#.#.# #.......#.###
#.#.###.#.##..)...##
#.....)......##..#.#
###.............###.
#######....[>..#..


You could see diceflayer's ghost.

Vanquished Creatures
  Natasha (twice) (D:3)
  4 gnolls (D:3)
  An adder (D:2)
  A worm (D:3)
  An orc (D:3)
  2 endoplasms
  2 giant cockroaches
  7 goblins
  4 hobgoblins
  4 jackals (D:2)
  3 kobolds
  4 ball pythons
  7 bats
  5 frilled lizards
  5 rats
52 creatures vanquished.

Vanquished Creatures (others)
  25 plants (D:3)
25 creatures vanquished.

Grand Total: 77 creatures vanquished

Notes
Turn   | Place    | Note
-------+----------+-------------------------------------------
     0 | D:1      | Hackman the Merfolk Ice Elementalist began the quest for
                  | the Orb.
     0 | D:1      | Reached XP level 1. HP: 13/13 MP: 3/3
   268 | D:1      | Reached XP level 2. HP: 19/19 MP: 3/5
  1182 | D:2      | Reached skill level 5 in Ice Magic
  1182 | D:2      | Reached XP level 3. HP: 24/24 MP: 1/6
  2076 | D:3      | Learned a level 3 spell: Frozen Ramparts
  2146 | D:3      | Noticed Natasha
  2161 | D:3      | Killed Natasha
  2162 | D:3      | Reached XP level 4. HP: 4/30 MP: 1/8
  2284 | D:3      | Noticed Natasha
  2303 | D:3      | Killed Natasha
  2404 | D:3      | Noticed diceflayer's ghost (amateur DsGl)
  2407 | D:3      | Found a runed translucent door.
  2437 | D:3      | Reached XP level 5. HP: 7/35 MP: 2/9
  3310 | D:3      | Gained mutation: You are agile. (Dex +4, Str/Int -1)
                  | [potion of mutation]
  3310 | D:3      | Gained mutation: You have a pair of small horns on your
                  | head. [potion of mutation]
  3334 | D:3      | Slain by diceflayer's ghost

Illustrated notes

Levels and vault maps discovered:
D:1:      noname_arrival_rooms_in_the_neighbourhood, layout_loops_ring
D:2:      layout_basic, st_stairs_6, kennysheep_cross_bottleneck,
          due_unseen_surprise
D:3:      layout_loops_ring, hellmonk_ghost_happy_afterlife,
          serial_bayou_lake_a, uniq_natasha

Skill      XL: |  1  2  3  4 |
---------------+-------------+-----
Ice Magic      | 5 |  5.8
Spellcasting   | 3 |  3.3
Dodging        | 3 |  3.2
Armour         | |  0.8
Stealth        | |  2.1

Action                     |  1- 3 |  4- 6 || total
---------------------------+-------+-------++-------
  Melee: Whip              |    15 |     1 ||    16
         Tailslap          |       |     1 ||     1
   Cast: Freeze            |    52 |    42 ||    94
         Frozen Ramparts   |       |     2 ||     2
    Use: Potion            |     1 |     5 ||     6
         Scroll            |       |     1 ||     1
 Armour: Leather armour    |    18 |     5 ||    23
         Robe              |     1 |       ||     1
  Dodge: Dodged            |    41 |    26 ||    67
